 Dungeon Crawl Stone Soup version 0.17-a0-1663-gb806841 (webtiles) character file.

175 karlkraus the Shield-Bearer (level 5, -12/47 HPs)
             Began as a Minotaur Fighter on Aug 17, 2015.
             Was an Initiate of Qazlal.
             Killed by nerve-wracking pain
             ... invoked by a shadow imp
             ... summoned by Eustachio
              (13 damage)
             ... on level 4 of the Dungeon.
             The game lasted 00:05:09 (2195 turns).

karlkraus the Shield-Bearer (Minotaur Fighter)      Turns: 2195, Time: 00:05:09

Health: -12/47     AC:  8    Str: 26      XL:     5   Next: 29%
Magic:  4/4        EV:  8    Int:  5      God:    Qazlal [......]
Gold:   124        SH: 10    Dex:  9 (10) Spells: 0 memorised, 4 levels left

rFire  . . .     SeeInvis .     a - +0 flail
rCold  . . .     Clarity  .     b - +0 scale mail
rNeg   . . .     SustAt   .     c - +0 shield
rPois  .         Gourm    .     (helmet restricted)
rElec  .         Spirit   .     h - +0 cloak
rCorr  .         Warding  .     (no gloves)
rMut   .         Stasis   .     (no boots)
MR     .....                    (no amulet)
Stlth  ..........               (no ring)
                                (no ring)

@: mighty, not resistant to hostile enchantments, extremely unstealthy
A: retaliatory headbutt, horns 2
a: Renounce Religion


You were on level 4 of the Dungeon.
You worshipped Qazlal.
Qazlal was noncommittal.
You were very hungry.

You visited 1 branch of the dungeon, and saw 4 of its levels.

You collected 124 gold pieces.

Inventory:

Hand weapons
 a - a +0 flail (weapon)
Armour
 b - a +0 scale mail (worn)
 c - a +0 shield (worn)
 h - a +0 cloak (worn)
Scrolls
 f - a scroll of enchant weapon {unknown}
 g - 2 scrolls of remove curse {unknown}
 j - 4 scrolls of immolation {unknown}
 m - 4 scrolls of identify {unknown}
 n - a scroll of blinking {unknown}
 p - a scroll of teleportation {unknown}
 q - a scroll of random uselessness {unknown}
 t - 2 scrolls of recharging {unknown}
Potions
 i - a potion of curing {unknown}
 k - 2 potions of agility {unknown}
 l - a potion of ambrosia {unknown}
 o - a potion of invisibility {unknown}
 s - a potion of heal wounds {unknown}
 u - a potion of lignification {unknown}
 w - a potion of mutation {unknown}
 x - a potion of haste {unknown}
Comestibles
 e - 5 bread rations
 r - 2 meat rations
 v - a slice of pizza


   Skills:
 + Level 4.4 Fighting
 + Level 3.2 Maces & Flails
 + Level 4.6 Armour
 + Level 1.8 Dodging
 + Level 5.1 Shields


You had 4 spell levels left.
You didn't know any spells.

Dungeon Overview and Level Annotations

Branches:
Dungeon (4/15)
 Temple: D:4-7

Altars:
Fedhas
Gozag
Nemelex Xobeh
Qazlal
Trog

Annotations:
D:4 Eustachio


Innate Abilities, Weirdness & Mutations

You reflexively headbutt those who attack you in melee.
You have a pair of horns on your head.


Message History

The hound bites you but does no damage. You block the quasit's attack.
You block the quasit's attack.
The quasit claws you but does no damage.
The giant newt bites you.
* * * LOW HITPOINT WARNING * * *
The shadow imp barely misses you.
Eustachio hits you with a rapier of flaming!
* * * LOW HITPOINT WARNING * * *
Eustachio burns you.
* * * LOW HITPOINT WARNING * * *
You block the hound's attack.
The river rat bites you but does no damage.
You completely miss Eustachio. You headbutt Eustachio!
Eustachio is almost dead.
The quasit bites you but does no damage.
The quasit barely misses you. You block the quasit's attack.
The hound bites you but does no damage. The giant newt closely misses you.
The shadow imp gestures at you. Pain shoots through your body!
You die...

## ###### ## r#
##....# # #.#r
..#### #...#
#?##5@# #....##..##
#..r5@## #..#..##
#..##lhr# #..##..##
#..)#######.#####.#
#..#.#......# #..
#..##...##..## ##.
#.## #.####### ###.
#.# #.# ....... #..
#.. ###.... .. ...
##...


You could see Eustachio, a hound, a quasit, 2 river rats, a shadow imp, a
quokka, a giant newt and a rat.

Vanquished Creatures
  Crazy Yiuf (D:3)
  Jessica (D:3)
  Terence (D:3)
  A gnoll (D:1)
  2 adders
  A shadow imp (D:3)
  2 worms
  2 giant geckos (D:3)
  An orc (D:4)
  5 bats
  5 giant cockroaches
  9 goblins
  5 hobgoblins
  5 kobolds
  2 giant newts
  6 jackals
  7 rats
56 creatures vanquished.

Vanquished Creatures (others)
  A wizard (D:3)
1 creature vanquished.

Grand Total: 57 creatures vanquished

Notes
Turn   | Place    | Note
--------------------------------------------------------------
     0 | D:1      | karlkraus the Minotaur Fighter began the quest for the Orb.
     0 | D:1      | Reached XP level 1. HP: 19/19 MP: 0/0
     6 | D:1      | Noticed a komodo dragon
     6 | D:1      | Noticed a hog
     6 | D:1      | Noticed a black bear
     7 | D:1      | Noticed a lindwurm
     7 | D:1      | Noticed a worker ant
   278 | D:1      | Reached XP level 2. HP: 27/27 MP: 1/1
   406 | D:1      | Reached skill level 4 in Shields
   634 | D:1      | Reached XP level 3. HP: 33/33 MP: 2/2
  1113 | D:2      | Found a sparkling altar of Nemelex Xobeh.
  1113 | D:2      | Found an opulent altar of Gozag.
  1255 | D:2      | Reached XP level 4. HP: 40/40 MP: 3/3
  1551 | D:3      | Noticed Crazy Yiuf
  1559 | D:3      | Killed Crazy Yiuf
  1559 | D:3      | Reached skill level 1 in Dodging
  1639 | D:3      | Found a blossoming altar of Fedhas.
  1639 | D:3      | Found a stormy altar of Qazlal.
  1662 | D:3      | Became a worshipper of Qazlal Stormbringer
  1696 | D:3      | Reached skill level 5 in Shields
  1716 | D:3      | Found a bloodstained altar of Trog.
  1739 | D:3      | Noticed a wizard
  1742 | D:3      | Killed a wizard
  1824 | D:3      | Noticed Terence
  1830 | D:3      | Killed Terence
  1830 | D:3      | Reached XP level 5. HP: 41/46 MP: 4/4
  1839 | D:3      | Noticed Jessica
  1856 | D:3      | Killed Jessica
  2177 | D:4      | Noticed Eustachio
  2194 | D:4      | HP: 2/47 [Eustachio/rapier of flaming (9)]
  2195 | D:4      | Killed from afar by a shadow imp

Vault maps used:
D:1:      onia_arrival_zoo_common
D:2:      grunt_temple_overflow_opulence
D:3:      grunt_temple_overflow_forces_of_nature, first_bread, minivault_14,
          trog_wizard, uniq_terence, uniq_crazy_yiuf_cottage, uniq_jessica
D:4:      uniq_eustachio

Action                   |  1- 3 |  4- 6 || total
-------------------------+-------+-------++-------
Melee: Flail             |    96 |    63 ||   159
  Use: Potion            |       |     1 ||     1
  Eat: Chunk             |     1 |     2 ||     3
